Unix NetHack Version 5.0.0-0 post-release - last build Jun 10 2026 00:39:30 (3ee93aec679c4c4259841fe613dc97188e26a321,branch:main).

Game began 2026-06-29 17:52:30, ended 2026-06-29 18:13:03.

Ch3Begorrah, chaotic male human Rogue

                          -----#       --------------
    ----------------      |...|#    ###.............|            ------------
    |..............|      |...|# ####  |.............####        |.......(..|
    |.............)-######-)...###     |............|############-......))(.|
    |..............|     #|...|#       |............|#           |..()(.((m(|
    |...............      |...|#       --------------#           +....m.....|
    ----.-----------      |..<|#######################           |...`@..d..|
        #                 -----                 ##               ---------.--
        #                                    #####                        #
        #                                       ####                      ###
        #                                       ## ##                       #
        #                                    ############                   #
        #                                    #----------.----               #
        #####                                #|.............|             --|-
        ----.----------                      #|.............|             |..|
        |.............|                      #|.............|             |..|
        |.............|                      #|.....>.......|             |+.|
        |.....v.......-#######################---------------             |?]|
        ---------------                                                   ----

Ch3Begorrah the Cutpurse  St:15 Dx:18 Co:17 In:10 Wi:8 Ch:8  Chaotic
Dlvl:5  $:307 HP:0(46) Pw:15(15) AC:6  Xp:5 T:2133  Hungry  

Latest messages:
 Never mind.
 What do you want to throw? [$CP or ?*] P
 In what direction? l
 The double-headed axe misses the large mimic.
 What do you want to eat? [rFKQ or ?*] ?
 Using your dagger you try to open the tin.
 You stop opening the tin.
 The little dog drops a +0 dagger.
 That chest is a small mimic!
 The small mimic hits!
 What do you want to write with? [- gnpsxCGJOUW or ?*] -
 You write in the dust with your fingertip.
 What do you want to write in the dust here? ELbereth
 The little dog picks up a +0 dagger.
 The small mimic turns to flee.
 The small mimic turns to flee.
 The large mimic turns to flee.
 The small mimic turns to flee.
 The little dog drops a +0 dagger.
 g - a +0 dagger (2 in total).
 g - 4 +0 daggers (6 in total).
 You have no ammunition readied.
 What do you want to fire? [$gC or ?*] b
 You don't have that object.
 What do you want to fire? [$gC or ?*] <esc>
 Never mind.
 Something is written here in the dust.
 You read: "L|be?cth".
 g - a +0 dagger (7 in total).
 You see here a chest.
 What do you want to use or apply? [efsxGMW or ?*] e
 In what direction? .
 There is a chest here; pick its lock? [ynq] (q) y
 You succeed in picking the lock.
 You trigger a trap!
 Suddenly you are frozen in place!
 The little dog picks up a +0 dagger.
 The little dog drops a +0 dagger.
 The little dog picks up a +0 dagger.
 The little dog drops a +0 dagger.
 The large mimic hits!
 The large mimic hits!
 The large mimic hits!
 The large mimic hits!
 The large mimic hits!
 The large mimic hits!
 The large mimic hits!
 You die...
 Do you want your possessions identified? [ynq] (y) y
 Do you want to see your attributes? [ynq] (y) q

Inventory:
 Coins    ('$')
  $ - 307 gold pieces
 Amulets  ('"')
  j - an uncursed amulet versus poison (being worn)
 Weapons  (')')
  C - 12 +0 darts
  g - 7 +0 daggers (wielded)
 Armor    ('[')
  L - a cursed -1 dunce cap
  q - an uncursed +0 orcish helm (being worn)
  H - an uncursed +0 dwarvish cloak
  c - an uncursed +1 leather armor (being worn)
 Comestibles  ('%')
  r - 2 uncursed cram rations
  Q - an uncursed tin of sauteed cave spider meat
  F - an uncursed egg
  K - 2 uncursed lichen corpses
 Scrolls  ('?')
  i - an uncursed scroll of charging named ok
  t - an uncursed scroll of enchant weapon
 Potions  ('!')
  T - an uncursed potion of confusion
  v - an uncursed potion of healing
  d - an uncursed potion of sickness
  h - an uncursed potion of water
 Rings    ('=')
  O - a cursed -2 ring of gain constitution named cursed
  p - an uncursed ring of sustain ability named ok (on left hand)
  U - an uncursed ring of warning
 Wands    ('/')
  x - a wand of secret door detection (0:13)
  s - a wand of speed monster (0:5)
  G - a wand of teleportation (0:4)
 Tools    ('(')
  f - an uncursed sack containing 1 item
  e - an uncursed lock pick
  M - a blessed oil lamp
 Gems/Stones  ('*')
  n - 2 uncursed chrysoberyl stones
  J - an uncursed topaz stone
  W - an uncursed touchstone

Contents of the sack:
  a +0 pick-axe

Ch3Begorrah the Rogue's attributes:

Background:
 You were a Cutpurse, a level 5 male human Rogue.
 You were chaotic, nominally on a mission for Kos
 who was opposed by Issek (lawful) and Mog (neutral).
 You were right-handed.
 You were in the Dungeons of Doom, on level 5.
 You entered the dungeon 2133 turns ago.
 There was a full moon in effect when your adventure ended.
 You had 274 experience points, 46 more were needed to attain level 6.

Basics:
 You had 0 out of 46 hit points.
 You had all 15 energy points (spell power).
 Your armor class was 6.
 Your wallet contained 307 zorkmids.
 Autopickup was on for '$!/(' plus thrown, with exceptions.

Final Characteristics:
 Your strength was 15 (limit:18/100).
 Your dexterity was 18 (limit:18).
 Your constitution was 17 (limit:18).
 Your intelligence was 10 (limit:18).
 Your wisdom was 8 (limit:18).
 Your charisma was 8 (limit:18).

Final Status:
 You were held by a large mimic (north).
 You were hungry.
 You were unencumbered.
 You were wielding daggers.
 You were skilled in dagger.

Final Attributes:
 You were piously aligned.
 You were poison resistant.
 You were stealthy.
 You were warded.
 You had fixed abilities.
 You were lucky.
 You are dead.

Miscellaneous:
 You didn't encounter any bones levels.
 Total elapsed playing time was 20 minutes and 33 seconds.

Major events:
 Turn
    1: Ch3Begorrah the chaotic male human Rogue entered the dungeon
  494: attained the rank of Cutpurse (level 3)
  760: entered the Gnomish Mines
 2133: killed by a large mimic, while frozen by a trap

You didn't know any spells.

Skills:
 Fighting Skills
   bare handed combat [Unskilled]
   two weapon combat  [Unskilled]
   riding             [Unskilled]
 Weapon Skills
   dagger             [Skilled]
   knife              [Unskilled]
   short sword        [Basic]
   broadsword         [Unskilled]
   long sword         [Unskilled]
   two-handed sword   [Unskilled]
   saber              [Unskilled]
   club               [Unskilled]
   mace               [Unskilled]
   morning star       [Unskilled]
   flail              [Unskilled]
   hammer             [Unskilled]
   polearms           [Unskilled]
   spear              [Unskilled]
   crossbow           [Unskilled]
   dart               [Unskilled]
   shuriken           [Unskilled]
 Spellcasting Skills
   divination spells  [Unskilled]
   escape spells      [Unskilled]
   matter spells      [Unskilled]

Voluntary challenges:
 Character rerolling was not enabled.
 You followed a strict vegan diet.
 You were an atheist.
 You never genocided any monsters.
 You never polymorphed an object.
 You never changed form.
 You used no wishes.
Achievements:
 You attained the rank of Cutpurse.
 You entered a shop.
 You entered the Gnomish Mines.

 The Dungeons of Doom: levels 1 to 6
    Level 1:
       A fountain, a sink.
    Level 2:
       Stairs down to The Gnomish Mines.
    Level 3:
       A general store.
    Level 4:
       A fountain.
    Level 5: <- You were here.
       A scroll shop.
       Final resting place for
          you, killed by a large mimic, while frozen by a trap.
    Level 6:
 The Gnomish Mines:
    Level 3:


Vanquished creatures:
  3 small mimics
  a rock piercer
  a shrieker
  a straw golem
  a dwarf
  a kobold leader
  3 rothes
  a giant bat
  a wererat
 an iguana
  a coyote
  5 manes
  a large kobold
  2 giant rats
  2 gnomes
  a gnome zombie
  2 geckos
  4 jackals
  3 foxes
  a kobold
  3 goblins
  2 sewer rats
  3 grid bugs
  a bat
  3 lichens
  3 kobold zombies
  2 newts
53 creatures vanquished.

No species were genocided or became extinct.

Game over:
                       ----------
                      /          \
                     /    REST    \
                    /      IN      \
                   /     PEACE      \
                  /                  \
                  |   Ch3Begorrah    |
                  |      307 Au      |
                  |   killed by a    |
                  |   large mimic    |
                  |                  |
                  |                  |
                  |       2026       |
                 *|     *  *  *      | *
        _________)/\\_//(\/(/\)/\//\/|_)_______

Goodbye Ch3Begorrah the Rogue...

You died in The Dungeons of Doom on dungeon level 5 with 1663 points,
and 307 pieces of gold, after 2133 moves.
You were level 5 with a maximum of 46 hit points when you died.

